 Seeded DCSS version 0.30-a0-924-g0ad0bf95bc (webtiles) character file.

Game seed: 3125986916090331667 (custom seed)

5 Parcival the Grave Robber (level 1, 13/13 HPs)
             Began as a Human Necromancer on Mar 22, 2023.
             Quit the game on level 1 of the Dungeon.
             The game lasted 00:01:02 (128 turns).

Parcival the Grave Robber (Human Necromancer)        Turns: 128, Time: 00:01:03

Health: 13/13      AC:  2    Str:  8    XL:     1   Next: 88%
Magic:  3/3        EV: 12    Int: 15    God:
Gold:   0          SH:  0    Dex: 13    Spells: 3/4 levels left

rFire   . . .      SeeInvis .    d - +9 rapier "Vaufivov" {flame, Will+}
rCold   . . .      Faith    .    (no shield)
rNeg    . . .      Spirit   .    a - +0 robe
rPois   .          Reflect  .    (no helmet)
rElec   .          Rampage  .    (no cloak)
rCorr   .                        (no gloves)
Will    +....                    (no boots)
Stlth   ++                       (no amulet)
HPRegen 0.22/turn                (no ring)
MPRegen 0.08/turn                (no ring)

@: no status effects
A: no striking features
a: no special abilities


You were on level 1 of the Dungeon.
You visited 1 branch of the dungeon, and saw 1 of its levels.

Inventory:

Hand Weapons
 c - a +0 club
 d - the +9 rapier "Vaufivov" (weapon) {flame, Will+}
   (You acquired it on level 1 of the Dungeon)

   Will:      It increases your willpower.
Armour
 a - a +0 robe (worn)
Potions
 b - a potion of magic


   Skills:
 + Level 2.0 Dodging
 + Level 2.1 Stealth
 + Level 2.0 Spellcasting
 + Level 4.2 Necromancy


You had 3 spell levels left.
You knew the following spells:

 Your Spells              Type           Power      Damage    Failure   Level
a - Necrotise             Necr           56%        1d6       4%          1

Your spell library contained the following spells:

 Spells                   Type           Power      Damage    Failure   Level
 Vampiric Draining        Necr           14%        2d7       12%         3
 Animate Dead             Necr           14%        N/A       36%         4
 Agony                    Necr           14%        N/A       73%         5


Dungeon Overview and Level Annotations

Branches:
Dungeon (1/15)

Altars:


Message History

A ball python comes into view.
You hit the ball python.
The ball python is moderately wounded.
Your goblin skeleton closely misses the ball python.
The ball python barely misses you. The ball python closely misses you.
You hit the ball python.
The ball python is severely wounded.
The ball python bites you but does no damage.
The ball python closely misses you.
Your goblin skeleton closely misses the ball python.
You hit the ball python but do no damage.
The ball python is severely wounded.
The ball python bites you. The ball python grabs you.
The ball python constricts you.
Your goblin skeleton hits the ball python.
The ball python dies!
You see here a +0 club.
c - a +0 club Your goblin skeleton crumbles into dust!
Magic restored.
HP restored.
You see here a ball python corpse.
d - a scroll labelled ROKLIF FIDEHY This is a scroll of acquirement!
Something appears at your feet!
You see here a ball python corpse.
You see here the +9 rapier "Vaufivov" {flame, Will+}.
The +9 rapier "Vaufivov" {flame, Will+} bursts into flame!
d - the +9 rapier "Vaufivov" (weapon)
{flame, Will+} You see here a ball python corpse.
Found an escape hatch in the floor.
Found a ring mail.
A kobold comes into view. It is wielding a +0 whip.
A kobold is nearby!
Casting: Necrotise (safe; 4% risk of failure)
Confirm with . or Enter, or press ? or * to list all spells.
You don't know that spell.
You puncture the kobold! You burn the kobold.
You kill the kobold!
Are you sure you want to abandon this character and quit the game? (Confirm with "yes".)

##...#.#####.#
##......#####.#
#..........##.#
##..#...##.##.#
####.###..##.##.#
#...## ##.>.....#
#.##.###..##.#.####
#.###.#.#.##.......
#.@###.##.####.####
##)# ####.####.##..
#.# #......##.. #.#
#.....###.. #.#
#.[........ #..
#.....###.# ###
#.....# #.) #######
#.. ###


There were no monsters in sight!

Vanquished Creatures
  An endoplasm (D:1)
  A kobold (D:1)
  2 goblins (D:1)
4 creatures vanquished.

Vanquished Creatures (collateral kills)
  A ball python (D:1)
1 creature vanquished.

Grand Total: 5 creatures vanquished

Notes
Turn   | Place    | Note
-------+----------+-------------------------------------------
     0 | D:1      | Parcival the Human Necromancer began the quest for the Orb.
     0 | D:1      | Reached XP level 1. HP: 13/13 MP: 3/3
    69 | D:1      | Identified a scroll of acquirement
    69 | D:1      | Acquired the +9 rapier "Vaufivov" {flame, Will+}
   128 | D:1      | Quit the game

Illustrated notes

Levels and vault maps discovered:
D:1:      amcnicky_arrival_single_pillar, layout_loops_cross,
          hangedman_glass_garden

Action                     || total
---------------------------++-------
  Melee: Unarmed           ||     6
         Rapier            ||     1
   Cast: Necrotise         ||     4
    Use: Scroll            ||     1
 Armour: Robe              ||     1
  Dodge: Dodged            ||     4

Table legend: (Time is in decaauts)
 A = Elapsed time spent in this place.
 B = Non-inter-level travel time spent in this place.
 C = Inter-level travel time spent in this place.
 D = Time resting spent in this place.
 E = Time spent auto-exploring this place.
 F = Levels seen in this place.
 G = Mean time per level.
                   A        B        C        D        E       F      G
               +--------+--------+--------+--------+--------+-----+--------+
         Total |    127 |    127 |      0 |      0 |     85 |   1 |  127.0 |
       Dungeon |    127 |    127 |      0 |      0 |     85 |   1 |  127.0 |
               +--------+--------+--------+--------+--------+-----+--------+

Top non-repeatable levels by time:
     D:1: 127 daAuts
